 Dungeon Crawl Stone Soup version 0.19.1 (webtiles) character file.

428 Peloso the Skirmisher (level 6, -2/53 HPs)
             Began as a Ghoul Fighter on Dec 8, 2016.
             Slain by a centaur skeleton (4 damage)
             ... on level 4 of the Dungeon.
             The game lasted 00:14:59 (4126 turns).

Peloso the Skirmisher (Ghoul Fighter)               Turns: 4126, Time: 00:15:02

Health: -2/53      AC: 16    Str: 23 (25) XL:     6   Next: 98%
Magic:  5/5        EV:  4    Int:  0 (3)  God:
Gold:   161        SH:  9    Dex:  7 (10) Spells: 0 memorised, 5 levels left

rFire  . . .     SeeInvis .     a - +0 long sword
rCold  + . .     Gourm    .     w - +0 plate armour
rNeg   + + +     Faith    .     c - +0 shield
rPois  ∞         Spirit   .     (no helmet)
rElec  .         Reflect  .     l - +2 cloak
rCorr  .         Harm     .     (no gloves)
MR     .....                    n - +0 pair of boots
Stlth  ..........               e - amulet of regeneration
                                v - ring of wizardry
                                o - ring of poison resistance

@: mighty, rotting, slowed, lost intelligence, very slow
A: rotting body, claws 1, carnivore 3, cold resistance 1, negative energy
resistance 3, slow regeneration 1, torment resistance, unbreathing
a: no special abilities


You were on level 4 of the Dungeon.
You were not hungry.

You visited 1 branch of the dungeon, and saw 4 of its levels.

You collected 161 gold pieces.

Inventory:

Hand Weapons
 a - a +0 long sword (weapon)
Armour
 b - a +0 scale mail
 c - a +0 shield (worn)
 l - a +2 cloak (worn)
 n - a +0 pair of boots (worn)
 w - a +0 plate armour (worn)
Jewellery
 e - an amulet of regeneration (around neck)
 o - a ring of poison resistance (left claw)
 v - a ring of wizardry (right claw)
Scrolls
 h - 4 scrolls of remove curse
 m - a scroll of recharging
 p - a scroll of magic mapping
 q - a scroll of identify
 r - a scroll of enchant armour
Potions
 j - 2 potions of flight
 u - 2 potions of agility
Comestibles
 f - a meat ration
 g - a slice of pizza


   Skills:
 + Level 4.5 Fighting
 + Level 3.7 Long Blades
 + Level 3.9 Armour
 + Level 1.5 Dodging
 + Level 0.5 Stealth
 + Level 4.1 Shields


You had 5 spell levels left.
You didn't know any spells.

Dungeon Overview and Level Annotations

Branches:
Dungeon (4/15)
 Temple: D:4-7

Altars:
Cheibriados
Dithmenos
Qazlal


Innate Abilities, Weirdness & Mutations

Your body is rotting away.
You thrive on raw meat.
You are immune to poison.
You have sharp fingernails.
You are carnivorous and can eat meat at any time.
Your flesh is cold resistant. (rC+)
You are immune to negative energy. (rN+++)
You regenerate slowly when monsters are visible.
You are immune to unholy pain and torment.
You can survive without breathing.


Message History

The magic dart hits you! The centaur skeleton barely misses you.
It was a potion of degeneration.
There was something very wrong with that liquid.
You feel weakened.
You feel dopey.
You have lost your intelligence.
You feel clumsy.
The orc wizard hits you but does no damage.
The centaur skeleton hits you but does no damage.
Something hits you but does no damage.
The orc wizard hits you but does no damage.
The centaur skeleton barely misses you.
The orc wizard hits you but does no damage.
Something hits you but does no damage. The centaur skeleton barely misses you.
You can move again.
The orc wizard hits you but does no damage.
The orc wizard points at you and mumbles some strange words.
The magic dart hits you!
* * * LOW HITPOINT WARNING * * *
Something hits you but does no damage. The orc wizard completely misses you.
The centaur skeleton hits you.
You die...

*###.###**#.#........,
#########*##..................,,,
......................#......,,,,
.........##..........,*....#*****
...)................,,*#..#*
............##.##..#***#..#
...................### #.o#
.................Z).)###o.#
................@..#..##.§#
#..#.####........o.##.#..##
##...##............##)#..#
##................##....#
#.................##....#
##........<........###.#.#
.............####....#.###****###
..........#### #.##....#,,,,,§§§
.#####......#####.####.##,,,,,§§§


You could see an orc wizard and a centaur skeleton.

Vanquished Creatures
  An ogre (D:4)
  A scorpion (D:4)
  2 orc priests (D:4)
  An iguana (D:3)
  Terence (D:3)
  4 gnolls
  6 adders
  2 dart slugs (D:1)
  4 leopard geckos
  7 orcs
  4 bats
  7 giant cockroaches
  7 hobgoblins
  2 jackals (D:1)
  A quokka (D:2)
  A ball python (D:3)
  2 frilled lizards (D:2)
  10 goblins
  6 kobolds
  11 rats
80 creatures vanquished.

Notes
Turn   | Place    | Note
-------+----------+-------------------------------------------
     0 | D:1      | Peloso the Ghoul Fighter began the quest for the Orb.
     0 | D:1      | Reached XP level 1. HP: 19/19 MP: 0/0
   320 | D:1      | Reached XP level 2. HP: 25/25 MP: 1/1
   938 | D:1      | Reached XP level 3. HP: 28/33 MP: 2/2
  1336 | D:2      | Reached XP level 4. HP: 34/40 MP: 3/3
  1380 | D:2      | Found a snail-covered altar of Cheibriados.
  1849 | D:3      | Noticed Terence
  1874 | D:3      | Killed Terence
  1874 | D:3      | Reached XP level 5. HP: 13/46 MP: 4/4
  2315 | D:3      | Found a faded altar of an unknown god.
  2315 | D:3      | Found a faded altar of an unknown god.
  2320 | D:3      | Found a faded altar of an unknown god.
  2322 | D:3      | Found a faded altar of an unknown god.
  2324 | D:3      | Found a shadowy altar of Dithmenos.
  2600 | D:3      | Noticed an ogre
  3150 | D:3      | Reached skill level 1 in Dodging
  3364 | D:4      | Reached XP level 6. HP: 48/53 MP: 5/5
  3901 | D:4      | Found a stormy altar of Qazlal.
  4124 | D:4      | Lost intelligence.
  4126 | D:4      | HP: 2/53 [orc wizard/magic dart (4)]
  4126 | D:4      | Slain by a centaur skeleton

Skill      XL: |  1  2  3  4  5  6 |
---------------+-------------------+-----
Fighting       | 4 |  4.5
Shields        | 3 4 |  4.1
Long Blades    | 2 3 |  3.7
Armour         | 3 |  3.9
Dodging        | 1 |  1.5
Stealth        | |  0.5

Action                   |  1- 3 |  4- 6 || total
-------------------------+-------+-------++-------
Melee: Long sword        |   126 |   227 ||   353
  Use: Scroll            |     5 |     2 ||     7
       Potion            |       |     4 ||     4
  Eat: Chunk             |     1 |    11 ||    12
       Beef jerky        |       |     1 ||     1
Armor: Scale mail        |    83 |    89 ||   172
       Plate armour      |       |    50 ||    50
Dodge: Dodged            |    40 |    67 ||   107
Block: Shield            |    71 |   143 ||   214
       Rpst.: Long sword |    15 |    14 ||    29
